 Dungeon Sprint DCSS version 0.31.0-9-g3a7656b989 (webtiles) character file.

Game seed: 7838026192047056827

319 Heoruswealwe the Spear-Bearer (level 6, 0/62 HPs)
             Began as a Minotaur Fighter on Feb 2, 2024.
             Was an Initiate of Gozag.
             Slain by a steam dragon (2 damage)
             ... in the Dungeon (Sprint IX: "|||||||||||||||||||||||||||||").
             The game lasted 00:01:20 (117 turns).

Heoruswealwe the Spear-Bearer (Minotaur Fighter)     Turns: 117, Time: 00:01:21

Health: 0/62       AC:  8    Str: 22    XL:     6   Next: 21%
Magic:  5/5        EV:  9    Int:  5    God:    Gozag
Gold:   315        SH:  4    Dex: 10    Spells: 5/5 levels left

rFire   . . .        a - +0 trident
rCold   . . .        d - +0 buckler
rNeg    . . .        c - +0 scale mail
rPois   .            (helmet restricted)
rElec   .            (no cloak)
rCorr   .            (no gloves)
SInv    .            (no boots)
Will    .....        (no amulet) Stlth
                     (no ring)
HPRegen 0.30/turn    (no ring)
MPRegen 0.09/turn

%: no teleportation
@: slowed, very slow
A: horns 2, retaliatory headbutt
a: Renounce Religion, Potion Petition, Call Merchant, Bribe Branch


You were in the Dungeon.
You worshipped Gozag.
Gozag was aware of your devotion.
You visited 1 branch You collected 315 gold pieces.

Inventory:

Hand Weapons
 a - a +0 trident (weapon)
Armour
 c - a +0 scale mail (worn)
 d - a +0 buckler (worn)
Jewellery
 n - a +2 ring of protection
 o - a +2 ring of protection
Wands
 m - a wand of light (10)
Scrolls
 k - 2 scrolls of amnesia
 l - a scroll of blinking
Potions
 b - a potion of might
 e - 5 potions of curing
 f - a potion of invisibility
 g - a potion of haste
 h - 2 potions of magic
 i - a potion of berserk rage
 j - 2 potions of heal wounds


   Skills:
 + Level 8.7 Fighting
 * Level 11.3 Polearms
 + Level 8.7 Armour
 - Level 3.6 Shields


You had 5 spell levels left.
You didn't know any spells.
Your spell library was empty.

Dungeon Overview and Level Annotations

Branches:
Dungeon (1/1)

Altars:
Cheibriados
Dithmenos
Elyvilon
Fedhas
Gozag
Hepliaklqana
Kikubaaqudgha
Makhleb
Nemelex Xobeh
Okawaru
Qazlal
Ru
Sif Muna
Trog
Uskayaw
Vehumet
Wu Jian
Xom
Yredelemnul
Zin
The Shining One
Jiyva
Lugonu


Innate Abilities, Weirdness & Mutations

You have a pair of horns on your head.
You reflexively headbutt those who attack you in melee.


Message History

You hit the killer bee. Your headbutt misses the killer bee.
The killer bee is heavily wounded.
The howler monkey is no longer distracted by gold.
The killer bee stings you.
* * * LOW HITPOINT WARNING * * *
You block the killer bee's attack. The killer bee barely misses you.
You puncture the killer bee!
You kill the killer bee!
The acid dragon is distracted by your dazzling golden aura.
You block the steam dragon's attack. The steam dragon closely misses you.
Your Polearms skill increases to level 11!
You hit the steam dragon but do no damage.
The steam dragon barely misses you. x2
You puncture the steam dragon!
You headbutt the steam dragon, but do no damage.
The steam dragon is moderately wounded.
The steam dragon misses you. The steam dragon claws you.
* * * LOW HITPOINT WARNING * * *
You hit the steam dragon. Your headbutt misses the steam dragon.
The steam dragon is heavily wounded.
The steam dragon bites you.
* * * LOW HITPOINT WARNING * * *
The steam dragon completely misses you.
You hit the steam dragon.
You headbutt the steam dragon, but do no damage.
The steam dragon is heavily wounded.
The acid dragon is no longer distracted by gold.
The steam dragon breathes steam at you. The ball of steam misses you.
The steam dragon bites you.
* * * LOW HITPOINT WARNING * * *
The steam dragon claws you but does no damage.
You barely miss the steam dragon.
You headbutt the steam dragon, but do no damage.
The steam dragon is heavily wounded.
You are engulfed in a cloud of scalding steam.
* * * LOW HITPOINT WARNING * * *
The howler monkey hoots and howls with incredible vigour!
The steam dragon bites you.
You die...
Your body crumbles into a pile of gold. ▓▓▓▓▓▓▓▓▓▓▓▓▓▓▓▓▓▓▓▓▓▓▓▓ ...DhKD@§§[[.).!'_______ ▓▓▓▓▓▓▓▓▓▓▓▓▓▓▓▓▓▓▓▓▓▓▓▓

You could see a steam dragon (catching breath), an acid dragon, a kobold brigand and a howler monkey (catching breath).

Vanquished Creatures
  A wraith (D)
  An ogre (D)
  A killer bee (D)
  An orc priest (D)
  An adder (D)
  A shadow imp (D)
  An orc (D)
  3 endoplasms (D)
  A jackal (D)
  A bat (D)
12 creatures vanquished.

Notes
Turn   | Place    | Note
-------+----------+-------------------------------------------
     0 | D        | Heoruswealwe the Minotaur Fighter began the quest for the
                  | Orb.
     0 | D        | Reached XP level 1. HP: 19/19 MP: 0/0
     7 | D        | Reached skill level 3 in Polearms
    20 | D        | Noticed an orc priest
    20 | D        | Noticed an ogre
    23 | D        | Found a snail-covered altar of Cheibriados.
    23 | D        | Found a shadowy altar of Dithmenos.
    23 | D        | Found a white marble altar of Elyvilon.
    23 | D        | Found a blossoming altar of Fedhas.
    23 | D        | Found an opulent altar of Gozag.
    24 | D        | Found a hazy altar of Hepliaklqana.
    25 | D        | Found a viscous altar of Jiyva.
    26 | D        | Found an ancient bone altar of Kikubaaqudgha.
    27 | D        | Found a corrupted altar of Lugonu.
    28 | D        | Found a burning altar of Makhleb.
    29 | D        | Found a sparkling altar of Nemelex Xobeh.
    30 | D        | Found an iron altar of Okawaru.
    31 | D        | Became a worshipper of Gozag Ym Sagoz the Greedy
    34 | D        | Reached skill level 4 in Polearms
    34 | D        | Reached XP level 2. HP: 28/28 MP: 1/1
    39 | D        | Reached skill level 5 in Fighting
    39 | D        | Reached skill level 6 in Polearms
    39 | D        | Reached skill level 5 in Armour
    39 | D        | Reached XP level 3. HP: 36/36 MP: 2/2
    44 | D        | Killed an ogre
    45 | D        | Reached skill level 8 in Polearms
    45 | D        | Reached XP level 4. HP: 19/45 MP: 3/3
    60 | D        | Found a stormy altar of Qazlal.
    61 | D        | Found a sacrificial altar of Ru.
    62 | D        | Found a shimmering blue altar of Sif Muna.
    63 | D        | Found a bloodstained altar of Trog.
    64 | D        | Found a hide-covered altar of Uskayaw.
    65 | D        | Found a radiant altar of Vehumet.
    66 | D        | Found an ornate altar of the Wu Jian Council.
    67 | D        | Found a shimmering altar of Xom.
    68 | D        | Found a basalt altar of Yredelemnul.
    69 | D        | Found a glowing silver altar of Zin.
    70 | D        | Found a glowing golden altar of the Shining One.
    94 | D        | Noticed an acid dragon
    94 | D        | Noticed a kobold brigand
    94 | D        | Noticed a steam dragon
    94 | D        | Noticed a wraith
   108 | D        | Killed a wraith
   109 | D        | Reached skill level 10 in Polearms
   109 | D        | Reached XP level 5. HP: 21/56 MP: 4/4
   109 | D        | Reached XP level 6. HP: 23/62 MP: 5/5
   113 | D        | Reached skill level 11 in Polearms
   117 | D        | HP: 2/62 [steam dragon] (6)]
   117 | D        | Slain by a steam dragon

Illustrated notes

Levels and vault maps discovered:
D:        linesprint [early_d, line_temple, items_1, d_10, items_2, lair_1,
          lair_end, items_3, orc_1, orc_end, items_4, d_15, swamp_1, shoals_1,
          snake_1, spider_1, d_20, vaults_1, items_5, swamp_end, shoals_end,
          snake_end, spider_end, vaults_end, d_27, items_6, zot_1, zot_end,
          crypt_end, forest_end, elf_end, slime_end, tomb_end, abyss_end,
          pan_hell_end]

Skill      XL: |  1  2  3  4  5  6 |
---------------+-------------------+-----
Polearms       | 4 6 8 10 11 | 11.3
Fighting       | 4 5 6 8 |  8.7
Armour         | 4 5 6 8 |  8.7
Shields        | |  3.6

Action                     |  1- 3 |  4- 6 || total
---------------------------+-------+-------++-------
  Melee: Trident           |    20 |    26 ||    46
         Headbutt          |     3 |     7 ||    10
    Use: Scroll            |     1 |       ||     1
         Potion            |     1 |       ||     1
 Armour: Scale mail        |    13 |    19 ||    32
  Dodge: Dodged            |    11 |    15 ||    26
  Block: Buckler           |     1 |     5 ||     6
